 Dungeon Crawl Stone Soup version 0.31-a0-188-g5e087ee2ca (webtiles) character file.

Game seed: 4727945152683833341

177 qw the Skirmisher (level 5, 0/29 HPs)
             Began as a Deep Elf Hunter on June 22, 2023.
             Slain by a jackal (1 damage)
             ... on level 4 of the Dungeon.
             The game lasted 00:00:52 (2432 turns).

qw the Skirmisher (Deep Elf Hunter)                 Turns: 2432, Time: 00:00:53

Health: 0/29       AC:  7    Str: 10    XL:     5   Next: 30%
Magic:  7/7        EV:  9    Int: 14    God:
Gold:   101        SH:  0    Dex: 18    Spells: 4/4 levels left

rFire   . . .        Y - +0 shortbow
rCold   + . .        (shield currently unavailable)
rNeg    . . .        f - +0 scale mail
rPois   .            (no helmet)
rElec   .            (no cloak)
rCorr   +            (no gloves)
SInv    .            l - +0 pair of boots
Will    .....        (no amulet)
Stlth   +            a - ring of resist corrosion
HPRegen 0.24/turn    m - ring of protection from cold
MPRegen 0.10/turn

%: no passive effects
@: lethally poisoned (0 -> -8)
A: no striking features
a: no special abilities


You were on level 4 of the Dungeon.
You visited 1 branch of the dungeon, and saw 4 of its levels.

You collected 101 gold pieces.


   Skills:
 - Level 1.5 Fighting
 + Level 8.8 Ranged Weapons
 - Level 2.4 Dodging
 - Level 1.2 Stealth


You had 4 spell levels left.
You didn't know any spells.
Your spell library was empty.

Inventory:

Hand Weapons
 Y - a +0 shortbow (weapon)
Armour
 f - a +0 scale mail (worn)
 l - a +0 pair of boots (worn)
Jewellery
 a - a ring of resist corrosion (left hand)
 c - a ring of fire
 m - a ring of protection from cold (right hand)
Scrolls
 i - a scroll of identify
 j - a scroll of revelation {unknown}
 n - a scroll of poison {unknown}
Potions
 b - a potion of invisibility {unknown}
 d - a potion of might {unknown}
 e - a potion of cancellation {unknown}
 g - a potion of curing
 h - a potion of berserk rage {unknown}
 k - a potion of heal wounds {unknown}

Dungeon Overview and Level Annotations

Branches:
Dungeon (4/15)
 Temple: D:4-7

Altars:
The Shining One


Message History

You kill the jackal!
You feel sick.
You are no longer poisoned.
A jackal comes into view.
You shoot an arrow.
The arrow hits the scorpion but does no damage.
You shoot an arrow. The arrow barely misses the scorpion.
You shoot an arrow. The arrow hits the jackal!
You kill the jackal!
You shoot an arrow. The arrow hits the scorpion.
The scorpion is moderately wounded.
The scorpion closely misses you.
The scorpion stings you but does no damage.
You shoot an arrow. The arrow hits the scorpion!
The scorpion is heavily wounded.
The scorpion stings you.
You are poisoned.
The scorpion poisons you!
You shoot an arrow. The arrow closely misses the scorpion.
The arrow hits the jackal.
The jackal is moderately wounded.
You feel very sick.
The scorpion stings you but does no damage.
The scorpion stings you.
You shoot an arrow. The arrow hits the scorpion.
The scorpion is almost dead.
You feel sick. The scorpion stings you.
You are lethally poisoned!
The scorpion poisons you!
You shoot an arrow. The arrow hits the scorpion.
You kill the scorpion!
You feel very sick. The jackal bites you.
You have reached level 5!
You shoot an arrow.
The arrow hits the jackal but does no damage.
The jackal is moderately wounded.
You feel very sick. The jackal bites you.
You die...

#..### ....## .....#
. ## ....## .#
####.##.... ..#
###.#....... ....
##..#........##.....
#...........@h%..#
............#..##
..........## .#
##......).# ..
#...#..##.## ..
#.#.......# ..
###.#../....# .
#....##.....#
#.....#........


You could see a jackal.

Vanquished Creatures
  A scorpion (D:4)
  5 adders
  2 dart slugs (D:2)
  5 ball pythons
  5 endoplasms
  6 giant cockroaches
  3 goblins
  5 hobgoblins
  8 jackals
  5 kobolds
  3 quokkas
  6 bats
  2 frilled lizards (D:1)
  5 rats
61 creatures vanquished.

Notes
Turn   | Place    | Note
-------+----------+-------------------------------------------
     0 | D:1      | qw the Deep Elf Hunter began the quest for the Orb.
     0 | D:1      | Reached XP level 1. HP: 12/12 MP: 3/3
     0 | D:1      | 0 ||| qw: Version: 0.3-a-9-g12657ce
     0 | D:1      | 0 ||| qw: Game counter: 2911
     0 | D:1      | 0 ||| qw: Always use a shield: true
     0 | D:1      | 0 ||| qw: God list: Okawaru
     0 | D:1      | 0 ||| qw: Allow faded altars: false
     0 | D:1      | 0 ||| qw: Do Orc after D:15 true
     0 | D:1      | 0 ||| qw: Do second Lair branch before Depths: true
     0 | D:1      | 0 ||| qw: Lair rune preference: random
     0 | D:1      | 0 ||| qw: Plans: Normal
     0 | D:1      | 0 ||| PLANNING D:1-11
   140 | D:1      | Reached skill level 6 in Ranged Weapons
   140 | D:1      | Reached XP level 2. HP: 16/16 MP: 4/4
   364 | D:1      | Reached XP level 3. HP: 19/20 MP: 5/5
   569 | D:1      | 569 ||| UPGRADING to +0 scale mail.
   579 | D:1      | 579 ||| DROPPING +0 leather armour.
   580 | D:1      | 580 ||| READING scroll labelled CERODGHY HIFIONN.
   581 | D:1      | 581 ||| READING scroll labelled WUMESO AQARAF.
   582 | D:1      | 582 ||| DROPPING scroll of butterflies.
  1118 | D:2      | Reached skill level 7 in Ranged Weapons
  1293 | D:2      | 1293 ||| READING scroll labelled CALLUH ZADD.
  1294 | D:2      | 1294 ||| DRINKING 2 bubbling sapphire potions.
  1754 | D:3      | 1754 ||| DROPPING +3 sling.
  1767 | D:3      | Reached XP level 4. HP: 22/25 MP: 6/6
  2096 | D:3      | Found a glowing golden altar of the Shining One.
  2320 | D:3      | 2320 ||| UPGRADING to +0 pair of boots.
  2325 | D:3      | 2325 ||| UPGRADING to ring of resist corrosion.
  2326 | D:3      | 2326 ||| UPGRADING to ring of protection from cold.
  2327 | D:3      | 2327 ||| READING scroll labelled RYZATH ZIGALARCH.
  2421 | D:4      | Reached skill level 8 in Ranged Weapons
  2422 | D:4      | Noticed a scorpion
  2431 | D:4      | Killed a scorpion
  2431 | D:4      | HP: 4/25 [poisoned by a scorpion]
  2432 | D:4      | Reached XP level 5. HP: 3/29 MP: 7/7
  2432 | D:4      | HP: 1/29 [poisoned by a scorpion]
  2432 | D:4      | Slain by a jackal

Levels and vault maps discovered:
D:1:      nicolae_arrival_memento_mori, layout_basic
D:2:      minmay_chambers_of_ones, layout_basic, minmay_misc_feat_pillars
D:3:      layout_basic, lemuel_doored_altar
D:4:      layout_cave_pools, serial_shops, shop

Skill      XL: |  1  2  3  4 |
---------------+-------------+-----
Ranged Weapons | 6 7 8 |  8.8
Fighting       | |  1.5
Dodging        | |  2.4
Stealth        | |  1.2

Action                     |  1- 3 |  4- 6 || total
---------------------------+-------+-------++-------
   Fire: Shortbow          |   125 |    76 ||   201
    Use: Scroll            |     3 |     1 ||     4
         Potion            |     1 |       ||     1
 Armour: Leather armour    |     7 |       ||     7
         Scale mail        |    14 |    27 ||    41
  Dodge: Dodged            |    34 |    15 ||    49

Table legend:
 A = Non-vault XP
 B = Vault XP
 C = Vault XP percentage of total XP
 D = Non-vault monster count
 E = Vault monster count
 F = Vault count percentage of total count
                 A         B        C        D         E       F
            +---------+---------+-------+---------+---------+-------
      Total |     243 |      10 |   4.0 |      56 |       5 |   8.2
            +---------+---------+-------+---------+---------+-------
        D:1 |      45 |       0 |   0.0 |      25 |       0 |   0.0
        D:2 |      16 |      10 |  38.5 |       8 |       5 |  38.5
        D:3 |      60 |       0 |   0.0 |      16 |       0 |   0.0
        D:4 |     122 |       0 |   0.0 |       7 |       0 |   0.0
            +---------+---------+-------+---------+---------+-------
